 Dungeon Crawl Stone Soup version 0.31-a0-1074-g0b22e4e0f1 (webtiles) character file.

Game seed: 18415108341600756784

931 lunkers the Basher (level 8, -10/70 HPs)
             Began as a Meteoran Fighter on Nov 27, 2023.
             Was a Follower of the Shining One.
             Killed by nerve-wracking pain
             ... invoked by an orc priest
              (11 damage)
             ... on level 5 of the Dungeon.
             The game lasted 00:08:46 (2227 turns).

lunkers the Basher (Meteoran Fighter)               Turns: 2227, Time: 00:08:46

Health: -10/70     AC:  9    Str: 24    XL:     8   Next: 59%
Magic:  9/9        EV: 11    Int:  9    God:    the Shining One [*.....]
Gold:   313        SH: 11    Dex: 16    Spells: 7/7 levels left

rFire   . . .        a - +0 flail
rCold   . . .        m - +2 kite shield
rNeg    . . .        b - +0 scale mail
rPois   .            (no helmet)
rElec   .            n - +0 cloak
rCorr   .            (no gloves)
SInv    .            l - +0 pair of boots
Will    +....        (no amulet) Stlth
                     e - +6 ring of strength
HPRegen 0.31/turn    (no ring)
MPRegen 0.11/turn

%: no passive effects
@: glowing
A: sense surroundings 1, otherworldly, glowing, explore regen
a: Renounce Religion, Divine Shield


You were on level 5 of the Dungeon.
You worshipped the Shining One.
The Shining One was aware of your devotion.
You visited 1 branch of the dungeon, and saw 5 of its levels.

You collected 313 gold pieces.

Inventory:

Hand Weapons
 a - a +0 flail (weapon)
Missiles
 k - 5 throwing nets
Armour
 b - a +0 scale mail (worn)
 c - a +0 buckler
 f - a +0 scale mail
 l - a +0 pair of boots (worn)
 m - a +2 kite shield (worn)
 n - a +0 cloak (worn)
Jewellery
 e - a +6 ring of strength (left hand)
 h - a ring of ice
Talismans
 q - a blade talisman
Scrolls
 p - 2 scrolls of identify
 r - a scroll of vulnerability
 u - a scroll of enchant weapon {unknown}
Potions
 d - a potion of might
 g - 3 potions of mutation
 i - a potion of resistance {unknown}
 j - a potion of heal wounds {unknown}
 o - a potion of curing
 s - a potion of brilliance {unknown}
 t - a potion of berserk rage {unknown}


   Skills:
 + Level 5.9 Fighting
 * Level 8.7 Maces & Flails
 - Level 3.2 Armour
 + Level 4.7 Dodging
 - Level 3.2 Shields


You had 7 spell levels left.
You didn't know any spells.
Your spell library contained the following spells:

 Spells                   Type           Power      Damage    Failure   Level
 Magic Dart               Conj           0%         1d3       91%         1
 Searing Ray              Conj           0%         2d4       97%         2
 Hailstorm                Conj/Ice       0%         3d3       100%        3
 Inner Flame              Hex/Fire       0%         N/A       100%        3
 Flame Wave               Conj/Fire      0%         2d4       100%        4
 Fulminant Prism          Conj/Hex       0%         3d5       100%        4
 Olgreb's Toxic Radiance  Pois           0%         N/A       100%        4
 Sticky Flame             Conj/Fire      0%         2d3       100%        4
 Summon Ice Beast         Ice/Summ       0%         N/A       100%        4
 Simulacrum               Ice/Necr       0%         N/A       100%        6
 Discord                  Hex            0%         N/A       100%        8
 Ignition                 Fire           0%         3d3       100%        8


Dungeon Overview and Level Annotations

Branches:
Dungeon (5/15) Zot: 701
 Temple: D:4-7

Altars:
The Shining One


Innate Abilities, Weirdness & Mutations

You passively map a small area around you.
You are easily found by Zot.
You glow in the dark.
You regain HP and MP as you explore.


Message History

* * * LOW HITPOINT WARNING * * *
You barely miss the orc priest.
The orc priest is lightly wounded.
You block the centaur's attack. The centaur closely misses you.
You block the centaur's attack. x2
The orc priest hits you but does no damage.
The orc priest hits you with a +0 war axe.
* * * LOW HITPOINT WARNING * * *
You hit the orc priest.
The orc priest is heavily wounded.
The centaur misses you. You block the centaur's attack.
You block the orc priest's attack. x2
Unknown command.
You hit the orc priest.
The orc priest is severely wounded.
The centaur closely misses you.
The centaur kicks you but does no damage.
The centaur barely misses you. x2
The orc priest hits you but does no damage.
Unknown command.
You hit the orc priest.
The orc priest is almost dead.
You block the centaur's attack. x2; You block the orc priest's attack.
The orc priest closely misses you. The centaur hits you with a +0 flail!
* * * LOW HITPOINT WARNING * * *
The centaur completely misses you.
You thump the orc priest!
You kill the orc priest!
The Shining One accepts your kill. The centaur hits you with a +0 flail!
* * * LOW HITPOINT WARNING * * *
You block the centaur's attack. The adder misses you.
The orc priest closely misses you. The orc hits you with a +0 whip.
* * * LOW HITPOINT WARNING * * *
You completely miss the orc priest. The centaur barely misses you.
The centaur kicks you but does no damage.
You block the adder's attack.
The orc priest invokes the aid of Beogh against you.
Pain shoots through your body!
You die...

* ##......##...##
#......###...# *
##......###...# ,,
##......###...#
##...##...###...#*
* #...####...#
#..., ,
###..........###
#.....o))........
......c@..........
,
.....)oS......####,
, .............## *
, ,........<.(...#
, ...............#
, ................
, ................
*, ................
, ,


You could see a centaur, an orc priest, an adder and an orc.

Vanquished Creatures
  A water moccasin (D:5)
  Duvessa (D:5)
  An ogre (D:5)
  A phantom (D:3)
  3 scorpions
  Dowan (D:5)
  A hound (D:5)
  2 orc priests (D:5)
  Jessica (D:3)
  7 gnolls (D:4)
  9 adders
  A worm (D:4)
  11 dart slugs
  5 orcs
  4 ball pythons
  5 endoplasms
  A giant cockroach (D:4)
  7 hobgoblins
  2 jackals (D:4)
  3 kobolds
  2 bats
  5 frilled lizards
  5 goblins
  4 rats
83 creatures vanquished.

Notes
Turn   | Place    | Note
-------+----------+-------------------------------------------
     0 | D:1      | lunkers the Meteoran Fighter began the quest for the Orb.
     0 | D:1      | Reached XP level 1. HP: 19/19 MP: 2/2
   114 | D:1      | Reached skill level 3 in Maces & Flails
   115 | D:1      | Reached XP level 2. HP: 16/26 MP: 3/3
   281 | D:1      | Reached skill level 1 in Dodging
   382 | D:1      | Reached XP level 3. HP: 26/31 MP: 4/4
   814 | D:3      | Reached skill level 4 in Maces & Flails
   841 | D:3      | Reached XP level 4. HP: 40/40 MP: 5/5
   899 | D:3      | Noticed Jessica
   907 | D:3      | Killed Jessica
   908 | D:3      | Reached XP level 5. HP: 37/46 MP: 6/6
   957 | D:3      | Reached skill level 5 in Maces & Flails
  1008 | D:4      | Noticed a phantom
  1029 | D:3      | Killed a phantom
  1030 | D:3      | Reached XP level 6. HP: 45/53 MP: 7/7
  1126 | D:4      | Found a glowing golden altar of the Shining One.
  1142 | D:4      | Reached skill level 6 in Maces & Flails
  1170 | D:4      | Became a worshipper of the Shining One
  1306 | D:4      | Reached XP level 7. HP: 59/60 MP: 8/8
  1493 | D:4      | Reached skill level 5 in Fighting
  1600 | D:4      | Reached skill level 7 in Maces & Flails
  2059 | D:5      | Entered Level 5 of the Dungeon
  2097 | D:5      | Noticed a water moccasin
  2107 | D:5      | Killed a water moccasin
  2108 | D:5      | Reached XP level 8. HP: 55/69 MP: 9/9
  2144 | D:5      | Reached skill level 8 in Maces & Flails
  2148 | D:5      | Noticed Dowan
  2149 | D:5      | Noticed Duvessa
  2169 | D:5      | Killed Duvessa
  2178 | D:5      | Killed Dowan
  2213 | D:5      | Reached * piety under the Shining One
  2226 | D:5      | HP: 1/70 [orc/+0 whip (4)]
  2227 | D:5      | Killed from afar by an orc priest

Illustrated notes

Levels and vault maps discovered:
D:1:      giann_horns, layout_basic, minmay_vboxes
D:2:      layout_loops_corners, kennysheep_generic_room_4
D:3:      layout_rooms, nicolae_elyvilon_temple_path, uniq_jessica
D:4:      kennysheep_slugbush, layout_layer_cave, amcnicky_altar_gilded,
          marbit_many_paths, mainiacjoe_overflow_alcove_2,
          lightli_corner_chamber
D:5:      layout_layer_cave, uniq_duvessa

Skill      XL: |  1  2  3  4  5  6  7  8 |
---------------+-------------------------+-----
Maces & Flails | 3 4 5 6 7 8 |  8.7
Dodging        | 1 2 3 4 |  4.7
Fighting       | 4 5 |  5.9
Armour         | |  3.2
Shields        | |  3.2

Action                     |  1- 3 |  4- 6 |  7- 9 || total
---------------------------+-------+-------+-------++-------
  Melee: Flail             |    67 |   118 |   122 ||   307
    Use: Scroll            |     1 |       |     3 ||     4
         Potion            |       |       |     1 ||     1
 Armour: Scale mail        |    47 |    67 |    84 ||   198
  Dodge: Dodged            |    38 |    40 |    66 ||   144
  Block: Buckler           |     8 |       |       ||     8
         Kite shield       |    10 |    62 |   104 ||   176

Table legend: (Time is in decaauts)
 A = Elapsed time spent in this place.
 B = Non-inter-level travel time spent in this place.
 C = Inter-level travel time spent in this place.
 D = Time resting spent in this place.
 E = Time spent auto-exploring this place.
 F = Levels seen in this place.
 G = Mean time per level.
                   A        B        C        D        E       F      G
               +--------+--------+--------+--------+--------+-----+--------+
         Total |   2297 |   2250 |     47 |     32 |   1314 |   5 |  459.4 |
       Dungeon |   2297 |   2250 |     47 |     32 |   1314 |   5 |  459.4 |
               +--------+--------+--------+--------+--------+-----+--------+

Top non-repeatable levels by time:
     D:4: 1047 daAuts
     D:1: 442 daAuts
     D:3: 325 daAuts
     D:2: 306 daAuts
     D:5: 176 daAuts
